 Dungeon Crawl Stone Soup version 0.20-a0-369-g71b9d6e (webtiles) character file.

99189 Gorice the Spry (level 16, -3/108 HPs)
             Began as a Kobold Arcane Marksman on Dec 26, 2016.
             Was the Champion of Okawaru.
             Slain by an ettin simulacrum (20 damage)
             ... in an ice cave on Dec 27, 2016.
             The game lasted 03:29:37 (38501 turns).

Gorice the Spry (Kobold Arcane Marksman)           Turns: 38501, Time: 03:29:37

Health: -3/108     AC: 17    Str: 17    XL:     16   Next: 75%
Magic:  25/25      EV: 24    Int: 14    God:    Okawaru [******]
Gold:   1510       SH:  0    Dex: 19    Spells: 14/17 levels left

rFire  . . .     SeeInvis +     c - +5 arbalest (velocity)
rCold  + . .     Gourm    .     t - +1 scale mail of the Ditch-Digger {rN+ Str+2 Dex+4}
rNeg   + . .     Faith    +     (shield currently unavailable)
rPois  .         Spirit   .     j - +2 helmet {SInv}
rElec  .         Reflect  .     d - +2 cloak {MR+}
rCorr  .         Harm     .     H - +0 pair of gloves
MR     ++...                    z - +1 pair of boots {Stlth+}
Stlth  ++........               B - amulet of faith {!P}
                                s - ring of stealth
                                C - ring of protection from cold

@: no status effects
A: carnivore 3
a: Heroism, Finesse, Renounce Religion


You were in an ice cave.
You worshipped Okawaru.
Okawaru was exalted by your worship.
You were full.

You visited 5 branches of the dungeon, and saw 25 of its levels.
You also visited: Sewer and Ice Cave.

You collected 2301 gold pieces.
You spent 791 gold pieces at shops.

Inventory:

Hand Weapons
 a - the +6 quarterstaff of Success {freeze, Str+2}
   (You found it on level 5 of the Dungeon)

   It has been specially enchanted to freeze those struck by it, causing extra
   injury to most foes and up to half again as much damage against particularly
   susceptible opponents.
   It can also slow down cold-blooded creatures.
   It affects your strength (+2).
 b - the +1 arbalest of Mysticism {venom, rPois Int+2}
   (Okawaru gifted it to you on level 6 of the Lair of Beasts)

   It poisons the ammo it fires.
   It affects your intelligence (+2).
   It protects you from poison.
 c - a +5 arbalest of velocity (weapon)
   (Okawaru gifted it to you on level 11 of the Dungeon)
Missiles
 J - 249 bolts (quivered)
 Y - 2 throwing nets
Armour
 d - a +2 cloak of magic resistance (worn)
   (Okawaru gifted it to you on level 6 of the Lair of Beasts)
 j - a +2 helmet of see invisible (worn)
   (You found it on level 1 of the Dungeon)
 t - the +1 scale mail of the Ditch-Digger (worn) {rN+ Str+2 Dex+4}
   (You found it on level 6 of the Lair of Beasts)

   It affects your strength (+2).
   It affects your dexterity (+4).
   It protects you from negative energy.
 z - a +1 pair of boots of stealth (worn)
   (You acquired it on level 14 of the Dungeon)
 H - a +0 pair of gloves (worn)
Rods
 S - a +3 rod of shadows (16/16) {!a}
   (You found it on level 4 of the Lair of Beasts)
Jewellery
 g - an uncursed ring of flight
 m - an uncursed ring of resist corrosion
 s - a ring of stealth (right hand)
 B - an amulet of faith (around neck) {!P}
 C - a ring of protection from cold (left hand)
 F - an uncursed ring of protection from fire
 M - an uncursed ring of protection from magic
Wands
 r - a wand of paralysis (12/24)
 u - a wand of lightning (8/15)
 K - a wand of polymorph (14/24)
 P - a wand of digging (14/24)
 R - a wand of iceblast (4/15)
 W - a wand of enslavement (11/24)
Scrolls
 h - a scroll of blinking
 k - 7 scrolls of remove curse
 o - a scroll of enchant armour
 q - a scroll of magic mapping {!r}
 w - a scroll of identify
 y - a scroll of fog
 L - 2 scrolls of teleportation {!r}
Potions
 e - a potion of might {!q}
 i - 8 potions of curing
 n - 6 potions of cancellation {!q}
 p - a potion of invisibility {!q}
 v - a potion of agility {!q}
 A - a potion of resistance {!q}
 D - a potion of heal wounds {!q}
 Q - 3 potions of haste {!q}
 T - a potion of ambrosia
Comestibles
 f - 10 meat rations {!e}
 l - 10 beef jerkies


   Skills:
 - Level 15.0 Fighting
   Level 1.0(6.3) Maces & Flails
 - Level 10.0 Staves
 + Level 14.8 Crossbows
 - Level 4.3 Armour
 + Level 15.2 Dodging
 - Level 1.1 Spellcasting
 - Level 3.0 Hexes
 - Level 8.0 Invocations
 - Level 12.0 Evocations


You had 14 spell levels left.
You knew the following spells:

 Your Spells              Type           Power        Failure   Level  Hunger
a - Corona                Hex            #......      28%         1    ##.....
b - Slow                  Hex            #.......     38%         2    ###....


Dungeon Overview and Level Annotations

Branches:
Dungeon (15/15)            Temple (1/1) D:7            Lair (6/6) D:9
 Shoals (0/4) Lair:3       Spider (1/4) Lair:3        Slime (0/5) Lair:5
    Orc (2/2) D:12            Elf (0/3) Orc:2        Vaults (0/5) D:13
 Depths (0/5) D:15

Altars:
Ashenzari
Cheibriados
Dithmenos
Elyvilon
Fedhas
Gozag
Hepliaklqana
Kikubaaqudgha
Makhleb
Nemelex Xobeh
Okawaru
Qazlal
Ru
Sif Muna
Trog
Uskayaw
Vehumet
Xom
Yredelemnul
Zin
The Shining One
Beogh
Lugonu

Shops:
D:4 !   D:11 %   Orc:1 (   Orc:2 (=?[

Portals:
Trove: D:11 (give 7 potions of haste)

Annotations:
D:13 vpUX: loot vault behind glass, exclusion: door
Lair:3 DEFE's ghost, adept DrEE
Lair:5 exclusion: oklob plant


Innate Abilities, Weirdness & Mutations

You are small and have problems with some larger weapons.
You are carnivorous and can eat meat at any time.


Message History

The bolt hits the golden dragon simulacrum but does no damage.
The golden dragon simulacrum is almost destroyed.
Firing (i - inventory. (,) - cycle):
J - 254 bolts (quivered)
Press: ? - help, Shift-Dir - straight line, f/p - golden dragon simulacrum
Aim: a golden dragon simulacrum (almost destroyed)
You shoot a bolt.
The bolt hits the golden dragon simulacrum but does no damage.
The golden dragon simulacrum is almost destroyed.
The golden dragon simulacrum bites you but does no damage.
The golden dragon simulacrum claws you but does no damage.
The golden dragon simulacrum completely misses you.
Firing (i - inventory. (,) - cycle):
J - 253 bolts (quivered)
Press: ? - help, Shift-Dir - straight line, f/p - golden dragon simulacrum
Aim: a golden dragon simulacrum (almost destroyed)
You shoot a bolt.
The bolt completely misses the ettin simulacrum.
The bolt hits the golden dragon simulacrum!!
The golden dragon simulacrum vapourises!
Okawaru accepts your kill. The ettin simulacrum hits you!!
The ettin simulacrum freezes you! You resist.
* * * LOW HITPOINT WARNING * * *
The ettin simulacrum closely misses you.
Damage: 36 (max 36) Firing (i - inventory. (,) - cycle):
J - 252 bolts (quivered)
Press: ? - help, Shift-Dir - straight line, f - ettin simulacrum
Aim: an ettin simulacrum You shoot a bolt.
The bolt hits the ettin simulacrum!
The ettin simulacrum is heavily damaged.
The ettin simulacrum hits you!!
* * * LOW HITPOINT WARNING * * *
The ettin simulacrum freezes you! You resist.
* * * LOW HITPOINT WARNING * * *
The ettin simulacrum closely misses you.
Damage: 36 (max 36) Firing (i - inventory. (,) - cycle):
J - 251 bolts (quivered)
Press: ? - help, Shift-Dir - straight line, f/p - ettin simulacrum
Aim: an ettin simulacrum (heavily damaged)
You shoot a bolt. The bolt hits the ettin simulacrum!
The ettin simulacrum is almost destroyed.
The ettin simulacrum misses you.
The ettin simulacrum completely misses you.
Unknown command.
Firing (i - inventory. (,) - cycle):
J - 250 bolts (quivered)
Press: ? - help, Shift-Dir - straight line, f/p - ettin simulacrum
Aim: an ettin simulacrum (almost destroyed)
You shoot a bolt.
The bolt hits the ettin simulacrum but does no damage.
The ettin simulacrum is almost destroyed.
The ettin simulacrum hits you!!
You die...

#(..(...(?#
#..(.....?#
#)......./#
#.........#
#.........#
##...(...##
##..(..##
###Z###
##..@..##
##.......##
#....∩....#
#.........#
#.........#
#....∩....#
#.........#
###########


You could see an ettin simulacrum.

Vanquished Creatures
  Kirke (D:12)
  An orc warlord (Orc:1)
  A stone giant (D:15)
  A dire elephant (D:15)
  An ettin (D:15)
  The ghost of mopl the Quickloader, a journeyman FoHu of Okawaru (D:10)
  3 hydras
  An ice dragon (D:15)
  3 centaur warriors (D:15)
  A death knight (D:15)
  3 catoblepae
  7 death yaks
  7 two-headed ogres
  6 orc high priests (Orc:2)
  A deep troll earth mage (D:15)
  Urug (Lair:5)
  A skeletal warrior (D:13)
  An unseen horror (D:10)
  Pikel (D:3)
  A deep elf archer (D:14)
  13 orc knights
  A lindwurm (Lair:6)
  A deep elf mage (D:14)
  2 oklob plants (Lair:5)
  5 ugly things
  A moth of wrath (Spider:1)
  2 wolf spiders
  5 orc sorcerers
  2 manticores
  3 cyclopes
  4 centaur zombies
  6 black mambas
  Maurice (D:12)
  A gargoyle (D:11)
  9 spiny frogs
  A yaktaur (shapeshifter) (D:13)
  4 kobold demonologists (D:11)
  5 komodo dragons
  A golden dragon simulacrum (IceCv)
  3 anaconda simulacra (IceCv)
  A polar bear (Lair:4)
  6 jumping spiders (Spider:1)
  Prince Ribbit (D:6)
  A polar bear (shapeshifter) (D:13)
  A hornet (D:7)
  Grinder (D:6)
  A dream sheep (shapeshifter) (D:13)
  16 blink frogs
  2 slime creatures (D:15)
  8 trolls
  12 dream sheep (Lair:6)
  6 hippogriffs
  13 redbacks (Spider:1)
  2 wraiths
  3 shadows (D:13)
  A tarantella (shapeshifter) (D:15)
  6 wyverns
  33 yaks
  A vampire (D:15)
  6 hogs
  Eustachio (D:5)
  A basilisk (Lair:2)
  2 hungry ghosts
  2 wargs
  3 vampire mosquitoes (D:15)
  Edmund (D:6)
  An acid dragon (D:14)
  2 soldier ants
  14 water moccasins
  Duvessa (D:7)
  5 porcupines
  45 orc warriors
  2 black bears
  9 ice beasts
  2 necrophages
  5 phantoms
  5 sky beasts
  9 ogres
  19 wolves
  18 centaurs
  14 crocodiles
  8 big kobolds
  Blork the orc (D:6)
  15 bullfrogs
  A gnoll sergeant (D:9)
  A wyvern skeleton (D:10)
  Dowan (D:7)
  4 scorpions
  A water moccasin skeleton (D:12)
  7 killer bees
  2 troll zombies (D:12)
  8 wights
  3 electric eels
  6 howler monkeys
  10 crimson imps
  3 bullfrog zombies
  3 quasits
  4 jellies
  12 hounds
  23 orc wizards
  6 centaur skeletons
  25 orc priests
  A bullfrog skeleton (D:10)
  Natasha (twice) (D:2)
  3 iguanas
  12 worker ants
  6 ogre zombies (D:12)
  A hound zombie (D:7)
  A hound skeleton (D:8)
  4 gnolls (D:9)
  2 howler monkey skeletons (D:10)
  13 adders
  5 shadow imps
  3 oozes
  An adder zombie (D:5)
  2 worms
  A dart slug (D:1)
  4 leopard geckos
  97 orcs
  14 bats
  10 giant cockroaches
  7 goblins
  4 hobgoblins
  18 jackals
  32 kobolds
  3 quokkas
  3 ball pythons
  5 frilled lizards
  A giant cockroach zombie (D:6)
  2 hobgoblin skeletons (D:12)
  2 hobgoblin zombies (D:12)
  A leopard gecko zombie (D:6)
  An orc skeleton (D:12)
  18 orc zombies (D:12)
  A quokka skeleton (D:6)
  14 rats
833 creatures vanquished.

Vanquished Creatures (collateral kills)
  An orc warlord (Orc:2)
  Harold (D:12)
  A catoblepas (Lair:6)
  2 orc knights
  A deep elf archer (D:13)
  2 orc sorcerers
  A manticore (Lair:6)
  Psyche (D:11)
  A troll (D:12)
  2 yaks (Lair:6)
  5 orc warriors
  5 orc priests
  An orc wizard (Orc:2)
  8 orcs
  2 orc zombies (D:12)
34 creatures vanquished.

Vanquished Creatures (others)
  A hippogriff (D:12)
  A quokka (D:4)
  11 fungi
  10 plants (Lair:6)
  4 toadstools (D:1)
27 creatures vanquished.

Grand Total: 894 creatures vanquished

Notes
Turn   | Place    | Note
-------+----------+-------------------------------------------
     0 | D:1      | Gorice the Kobold Arcane Marksman began the quest for the Orb.
     0 | D:1      | Reached XP level 1. HP: 12/12 MP: 2/2
   147 | D:1      | Reached XP level 2. HP: 16/16 MP: 1/3
   150 | D:1      | Reached skill level 3 in Crossbows
   250 | D:1      | Reached XP level 3. HP: 21/21 MP: 4/4
   313 | D:1      | Reached skill level 2 in Fighting
   714 | D:1      | Reached skill level 4 in Crossbows
   843 | D:2      | Reached XP level 4. HP: 26/26 MP: 2/5
  1065 | D:2      | Noticed Natasha
  1072 | D:2      | Killed Natasha
  1099 | D:2      | Noticed Natasha
  1105 | D:2      | Killed Natasha
  1105 | D:2      | Reached skill level 5 in Crossbows
  1105 | D:2      | Reached XP level 5. HP: 31/32 MP: 3/6
  1533 | D:2      | Learned a level 2 spell: Slow
  1559 | D:3      | Reached skill level 3 in Fighting
  1827 | D:3      | Reached skill level 6 in Crossbows
  1827 | D:3      | Reached XP level 6. HP: 15/37 MP: 7/7
  2540 | D:4      | Reached skill level 4 in Fighting
  2542 | D:4      | Found a glowing drain.
  2575 | Sewer    | Entered a sewer
  2672 | Sewer    | Reached skill level 7 in Crossbows
  2672 | Sewer    | Reached XP level 7. HP: 43/43 MP: 2/8
  2700 | Sewer    | Found a white marble altar of Elyvilon.
  2873 | D:4      | Noticed Pikel
  2893 | D:3      | HP: 11/44 [Pikel/whip of flaming (4)]
  2897 | D:3      | HP: 3/44 [slave[Pikel] (7)]
  2904 | D:3      | Killed Pikel
  2904 | D:3      | Reached skill level 5 in Fighting
  2904 | D:3      | Reached skill level 9 in Crossbows
  2904 | D:3      | Reached XP level 8. HP: 12/50 MP: 9/9
  3197 | D:4      | Found Barghy's Distillery.
  3284 | D:4      | Found a shattered altar of Ashenzari.
  3293 | D:4      | Found a deep blue altar of Sif Muna.
  3673 | D:5      | Entered Level 5 of the Dungeon
  3810 | D:4      | HP: 15/51 [poisoned by an orc priest]
  3815 | D:4      | HP: 10/51 [poisoned by an orc priest]
  3820 | D:4      | HP: 7/51 [poisoned by an orc priest]
  3826 | D:4      | HP: 4/51 [poisoned by an orc priest]
  3831 | D:4      | HP: 3/51 [poisoned by an orc priest]
  3838 | D:4      | HP: 2/51 [poisoned by an orc priest]
  3846 | D:4      | HP: 1/51 [poisoned by an orc priest]
  4264 | D:4      | Reached skill level 6 in Fighting
  4479 | D:5      | Reached skill level 10 in Crossbows
  4557 | D:5      | Got a fine quarterstaff
  4558 | D:5      | Identified the +6 quarterstaff of Success {freeze, Str+2} (You found it on level 5 of the Dungeon)
  4872 | D:5      | Found a snail-covered altar of Cheibriados.
  4919 | D:5      | Noticed Eustachio
  4968 | D:5      | Killed Eustachio
  4968 | D:5      | Reached skill level 3 in Dodging
  4968 | D:5      | Reached XP level 9. HP: 41/56 MP: 10/10
  5084 | D:6      | Noticed Prince Ribbit
  5099 | D:6      | Killed Prince Ribbit
  5099 | D:6      | Reached skill level 7 in Fighting
  5099 | D:6      | Reached skill level 4 in Dodging
  5148 | D:6      | Found a radiant altar of Vehumet.
  5225 | D:6      | Reached skill level 5 in Dodging
  5252 | D:6      | Found a blossoming altar of Fedhas.
  5253 | D:6      | Found a basalt altar of Yredelemnul.
  5253 | D:6      | Found a stormy altar of Qazlal.
  5254 | D:6      | Found a burning altar of Makhleb.
  5257 | D:6      | Noticed Edmund
  5284 | D:6      | Killed Edmund
  5435 | D:6      | Reached skill level 8 in Fighting
  5445 | D:6      | Noticed Grinder
  5461 | D:6      | Killed Grinder
  5461 | D:6      | Reached skill level 6 in Dodging
  5572 | D:6      | Noticed Blork the orc
  5579 | D:6      | Killed Blork the orc
  5895 | D:7      | Noticed Duvessa
  5905 | D:7      | Noticed Dowan
  5923 | D:7      | Killed Duvessa
  5923 | D:7      | Reached skill level 1 in Maces & Flails
  5941 | D:7      | Killed Dowan
  5941 | D:7      | Reached skill level 7 in Dodging
  6132 | D:7      | Found a staircase to the Ecumenical Temple.
  6141 | Temple   | Entered the Ecumenical Temple
  6263 | Temple   | Became a worshipper of Warmaster Okawaru
  6299 | D:7      | Reached skill level 1 in Staves
  6355 | D:7      | Reached skill level 9 in Fighting
  6355 | D:7      | Reached XP level 10. HP: 65/66 MP: 9/11
  6389 | D:7      | Found a hazy altar of Hepliaklqana.
  6389 | D:7      | Found a sacrificial altar of Ru.
  6507 | D:7      | Reached skill level 2 in Staves
  6535 | D:7      | Reached * piety under Okawaru
  6535 | D:7      | Reached skill level 8 in Dodging
  6687 | D:7      | Got a faintly glowing lead amulet
  6688 | D:7      | Identified the amulet "Ycvazea" {RegenMP rPois Str-2 Int+7 Slay-5} (You found it on level 7 of the Dungeon)
  6865 | D:8      | Reached skill level 3 in Staves
  6932 | D:7      | HP: 20/67 [poisoned by a water moccasin]
  7183 | D:8      | Noticed a two-headed ogre
  8326 | D:8      | Found a shadowy altar of Dithmenos.
  8521 | D:8      | Killed a two-headed ogre
  8521 | D:8      | Reached skill level 10 in Fighting
  8521 | D:8      | Reached skill level 4 in Staves
  8521 | D:8      | Reached skill level 9 in Dodging
  8639 | D:9      | Found a glowing golden altar of the Shining One.
  8712 | D:9      | Found a staircase to the Lair.
  8832 | D:9      | Noticed a two-headed ogre
  8846 | D:9      | Killed a two-headed ogre
  8846 | D:9      | Reached ** piety under Okawaru
  8846 | D:9      | Reached XP level 11. HP: 56/73 MP: 10/12
  8895 | D:9      | Reached skill level 5 in Staves
  9108 | D:9      | Reached skill level 10 in Dodging
  9571 | D:9      | Reached skill level 1 in Armour
  9865 | Lair:1   | Entered Level 1 of the Lair of Beasts
  9876 | Lair:1   | Reached *** piety under Okawaru
  9876 | Lair:1   | Reached skill level 11 in Fighting
 10179 | Lair:1   | Reached skill level 2 in Armour
 10224 | Lair:1   | Found a shadowy altar of Dithmenos.
 10938 | Lair:1   | Reached skill level 6 in Staves
 10983 | Lair:1   | Received a gift from Okawaru
 11126 | Lair:2   | Reached **** piety under Okawaru
 11218 | Lair:2   | Reached skill level 3 in Armour
 11574 | Lair:2   | Received a gift from Okawaru
 11882 | Lair:2   | Reached XP level 12. HP: 80/80 MP: 11/13
 12222 | Lair:2   | Upgraded the game from 0.20-a0-351-gc9b4002 to 0.20-a0-369-g71b9d6e
 12272 | Lair:3   | Reached ***** piety under Okawaru
 12281 | Lair:3   | Reached skill level 7 in Staves
 12281 | Lair:3   | Reached skill level 4 in Armour
 12302 | Lair:3   | Noticed DEFE's ghost (adept DrEE)
 12759 | Lair:3   | Found a staircase to the Shoals.
 13105 | Lair:3   | Found a hole to the Spider Nest.
 13195 | Lair:3   | Reached skill level 12 in Fighting
 13338 | Lair:3   | HP: 23/81 [DEFE's ghost/iron shot (58)]
 13341 | Lair:3   | HP: 10/81 [DEFE's ghost/blast of poison (14)]
 13346 | Lair:2   | HP: 7/81 [poisoned by DEFE's ghost (blast of poison)]
 13352 | Lair:2   | HP: 6/81 [poisoned by DEFE's ghost (blast of poison)]
 13360 | Lair:2   | HP: 5/81 [poisoned by DEFE's ghost (blast of poison)]
 13368 | Lair:2   | HP: 5/81 [poisoned by DEFE's ghost (blast of poison)]
 13839 | Lair:4   | Identified a +1 rod of shadows (14/14) (You found it on level 4 of the Lair of Beasts)
 13903 | Lair:4   | Reached skill level 1 in Evocations
 13999 | Lair:4   | Noticed a seven-headed hydra
 14015 | Lair:4   | HP: 20/81 [seven-headed hydra (6)]
 14015 | Lair:4   | HP: 5/81 [seven-headed hydra (11)]
 14235 | Lair:4   | Reached skill level 2 in Evocations
 14403 | Lair:4   | Received a gift from Okawaru
 14822 | Lair:4   | Reached skill level 3 in Evocations
 14964 | Lair:4   | Noticed a seven-headed hydra
 15391 | Lair:1   | Reached skill level 8 in Staves
 15722 | Lair:5   | Found a staircase to the Slime Pits.
 15765 | Lair:5   | Reached skill level 4 in Evocations
 16137 | Lair:5   | Received a gift from Okawaru
 16485 | Lair:5   | Reached skill level 5 in Evocations
 16772 | Lair:5   | Noticed Urug
 16791 | Lair:5   | Killed Urug
 16791 | Lair:5   | Received a gift from Okawaru
 16960 | Lair:5   | Found a blossoming altar of Fedhas.
 17471 | Lair:6   | Entered Level 6 of the Lair of Beasts
 17596 | Lair:5   | Reached XP level 13. HP: 84/87 MP: 17/17
 17671 | Lair:5   | Reached skill level 13 in Fighting
 17796 | Lair:6   | Reached skill level 6 in Evocations
 17908 | Lair:5   | Received a gift from Okawaru
 18113 | Lair:6   | Reached skill level 9 in Staves
 18574 | Lair:6   | Received a gift from Okawaru
 18599 | Lair:6   | Reached skill level 7 in Evocations
 18770 | Lair:5   | Received a gift from Okawaru
 18892 | Lair:6   | Reached skill level 1 in Invocations
 19377 | Lair:6   | Reached skill level 2 in Invocations
 19379 | Lair:6   | HP: 14/88 [spiny frog (43)]
 19384 | Lair:6   | HP: 18/88 [dream sheep (4)]
 19710 | Lair:6   | Received a gift from Okawaru
 19729 | Lair:6   | Got a warped arbalest {god gift}
 19730 | Lair:6   | Identified the +1 arbalest of Mysticism {venom, rPois Int+2} (Okawaru gifted it to you on level 6 of the Lair of Beasts)
 20010 | Lair:6   | Reached skill level 8 in Evocations
 20284 | Lair:6   | Got an ancient scale mail
 20295 | Lair:6   | Identified the cursed +1 scale mail of the Ditch-Digger {rN+ Str+2 Dex+4} (You found it on level 6 of the Lair of Beasts)
 20386 | Lair:6   | Noticed a catoblepas
 20422 | Lair:6   | HP: 26/89 [something/blast of calcifying dust (6)]
 20716 | Lair:6   | Reached skill level 3 in Invocations
 20930 | D:10     | Entered Level 10 of the Dungeon
 20957 | D:10     | Noticed mopl's ghost (journeyman FoHu)
 20969 | D:10     | Killed mopl's ghost
 21395 | D:10     | Received a gift from Okawaru
 21395 | D:10     | Reached skill level 10 in Staves
 22060 | D:11     | Found a portal to a secret trove of treasure.
 22315 | D:11     | Reached skill level 4 in Invocations
 22382 | D:11     | Received a gift from Okawaru
 22465 | D:11     | Found Fatai's Food Boutique.
 22476 | D:11     | Reached skill level 14 in Fighting
 22556 | D:11     | Reached skill level 9 in Evocations
 22556 | D:11     | Reached XP level 14. HP: 91/96 MP: 20/20
 22647 | D:11     | Found a corrupted altar of Lugonu.
 23387 | D:12     | Noticed Psyche
 23387 | D:12     | Noticed Kirke
 23403 | D:11     | Reached skill level 5 in Invocations
 23433 | D:12     | Noticed Maurice
 23469 | D:12     | Killed Maurice
 23708 | D:12     | Noticed Harold
 23732 | D:12     | Killed Harold
 23893 | D:12     | Found a staircase to the Orcish Mines.
 23914 | D:12     | HP: 16/96 [orc priest/divine providence (15)]
 23929 | D:11     | HP: 17/96 [Psyche/puff of flame (3)]
 23938 | D:11     | HP: 19/96 [Psyche/puff of flame (1)]
 23943 | D:11     | HP: 16/96 [poisoned by Psyche]
 23945 | D:11     | Killed Psyche
 23949 | D:11     | HP: 14/96 [poisoned by Psyche]
 23955 | D:11     | HP: 12/96 [poisoned by Psyche]
 23963 | D:11     | HP: 12/96 [poisoned by Psyche]
 23971 | D:11     | HP: 12/96 [poisoned by Psyche]
 24454 | D:12     | HP: 24/96 [lindwurm/blast of flame[Kirke] (44)]
 24455 | D:12     | Killed Kirke
 24455 | D:12     | Received a gift from Okawaru
 24455 | D:12     | Reached skill level 6 in Invocations
 24455 | D:12     | Reached skill level 10 in Evocations
 24461 | D:12     | HP: 19/96 [wyvern (7)]
 24792 | D:12     | Got a coiled platinum ring
 24794 | D:12     | Identified the ring of Zin's Displeasure {+Blink MR- EV+3 Str-5 Slay+5} (You found it on level 12 of the Dungeon)
 25340 | Orc:1    | Entered Level 1 of the Orcish Mines
 25347 | Orc:1    | Found a roughly hewn altar of Beogh.
 25405 | D:12     | HP: 23/96 [orc knight/great mace (12)]
 25414 | D:12     | HP: 21/96 [orc knight/great mace (3)]
 25426 | D:12     | Reached ****** piety under Okawaru
 25426 | D:12     | Received a gift from Okawaru
 25839 | Orc:1    | Found Dezaer's Antique Weapon Shop.
 25877 | Orc:1    | Bought a glowing arbalest for 399 gold pieces
 25944 | Orc:1    | Reached skill level 7 in Invocations
 25963 | Orc:1    | HP: 27/96 [orc warrior/dire flail (22)]
 25964 | Orc:1    | HP: 8/96 [orc warrior/dire flail (19)]
 26430 | Orc:2    | Entered Level 2 of the Orcish Mines
 26529 | Orc:2    | Found a staircase to the Elven Halls.
 26530 | Orc:2    | Noticed an orc warlord
 26549 | Orc:2    | Killed an orc warlord
 26560 | Orc:2    | Received a gift from Okawaru
 26571 | Orc:2    | Got a bloodstained dagger {god gift}
 26572 | Orc:2    | Identified the +8 dagger "Xienuapn" {vamp, rPois Int+3 Stlth+} (Okawaru gifted it to you on level 2 of the Orcish Mines)
 27213 | Lair:6   | Reached skill level 11 in Evocations
 27222 | Lair:6   | Reached skill level 15 in Fighting
 27676 | Lair:6   | Reached skill level 8 in Invocations
 27743 | Lair:6   | Received a gift from Okawaru
 27748 | Lair:6   | HP: 27/98 [manticore (10)]
 27751 | Lair:6   | HP: 12/98 [manticore (15)]
 27963 | Lair:6   | Reached XP level 15. HP: 93/103 MP: 23/23
 28712 | Lair:5   | Reached skill level 11 in Dodging
 28993 | Orc:2    | Noticed an orc warlord
 29195 | Orc:1    | HP: 28/103 [orc warlord/broad axe of flaming (4)]
 29196 | Orc:1    | Killed an orc warlord
 29911 | Orc:2    | HP: 28/103 [orc/trident (6)]
 29986 | Orc:2    | HP: 18/103 [orc high priest/divine providence (15)]
 30308 | Orc:2    | Reached skill level 12 in Evocations
 30535 | Orc:2    | Reached skill level 11 in Crossbows
 30587 | Orc:2    | HP: 30/103 [orc priest/divine providence (14)]
 31392 | Orc:2    | Reached skill level 12 in Dodging
 31551 | Orc:2    | HP: 30/103 [orc warrior/trident (18)]
 31556 | Orc:2    | HP: 5/103 [orc warrior/mace (21)]
 31562 | Orc:2    | HP: 4/103 [orc warrior/tomahawk (3)]
 32613 | Orc:2    | Reached skill level 12 in Crossbows
 32825 | Orc:2    | Received a gift from Okawaru
 32844 | Orc:2    | Found Ohyf's Antique Armour Emporium.
 32848 | Orc:2    | Found Jutogg's Jewellery Shoppe.
 32848 | Orc:2    | Found Wusaewomma's Magic Scroll Emporium.
 32849 | Orc:2    | Found Ziggo's Antique Weapon Emporium.
 32870 | Orc:2    | Bought a scroll of brand weapon for 280 gold pieces
 32870 | Orc:2    | Bought 3 scrolls of identify for 84 gold pieces
 32870 | Orc:2    | Bought a scroll of fog for 28 gold pieces
 34066 | D:13     | Reached skill level 13 in Dodging
 34154 | D:13     | Received a gift from Okawaru
 34321 | D:13     | Received a gift from Okawaru
 34611 | D:13     | Reached XP level 16. HP: 64/108 MP: 25/25
 34624 | D:13     | HP: 25/108 [deep elf archer/arrow (22)]
 34628 | D:13     | HP: 3/108 [deep elf archer/arrow (11)]
 34634 | D:13     | HP: 2/108 [deep elf archer/arrow (14)]
 34797 | D:13     | Noticed a fire giant
 34854 | D:13     | Found a gate to the Vaults.
 34862 | D:13     | Reached skill level 13 in Crossbows
 35273 | D:14     | Identified 2 scrolls of acquirement
 35618 | D:14     | Received a gift from Okawaru
 35859 | D:14     | Got a brightly glowing hand crossbow
 35860 | D:14     | Identified the +3 hand crossbow "Kifa" {venom, Str+3} (You acquired it on level 14 of the Dungeon)
 36075 | D:15     | Entered Level 15 of the Dungeon
 36315 | D:15     | Received a gift from Okawaru
 36315 | D:15     | Reached skill level 14 in Dodging
 36412 | D:15     | Received a gift from Okawaru
 36427 | D:15     | HP: 26/108 [death knight/broad axe of venom (15)]
 36432 | D:15     | HP: 22/108 [poisoned by a death knight]
 36437 | D:15     | HP: 19/108 [poisoned by a death knight]
 36442 | D:15     | HP: 18/108 [poisoned by a death knight]
 36447 | D:15     | HP: 17/108 [poisoned by a death knight]
 36454 | D:15     | HP: 17/108 [poisoned by a death knight]
 36462 | D:15     | HP: 17/108 [poisoned by a death knight]
 36936 | D:15     | Found a large runed door.
 36936 | D:15     | Found a large runed door.
 37117 | D:15     | Received a gift from Okawaru
 37267 | D:15     | Reached skill level 14 in Crossbows
 37489 | D:15     | Found a staircase to the Depths.
 37579 | D:15     | Found an ancient bone altar of Kikubaaqudgha.
 37606 | D:15     | Found a glowing golden altar of the Shining One.
 37848 | Spider:1 | Entered Level 1 of the Spider Nest
 38008 | Spider:1 | Reached skill level 15 in Dodging
 38115 | Spider:1 | Found a frozen archway.
 38126 | IceCv    | Entered an ice cave
 38499 | IceCv    | HP: 29/108 [ettin simulacrum (25)]
 38501 | IceCv    | Slain by an ettin simulacrum

Vault maps used:
D:1:      ldierk_walled_garden_2, minmay_circled_x
D:2:      uniq_natasha
D:3:      first_bread
D:4:      lemuel_crystal_altar, kennysheep_little_box, serial_shops,
          nicolae_shop_temple_entry_statues_fountains, gup_sewer_entry_glass,
          uniq_pikel
D:5:      cheibriados_altar_1, uniq_eustachio
D:6:      chequers_temple_overflow_statue_of_worship, fiery_altar_vehumet,
          uniq_edmund, uniq_grinder, uniq_blork_the_orc, uniq_prince_ribbit1
D:7:      minitemple, uniq_duvessa
D:8:      statuecave_lemuel, kennysheep_mini_moat
D:9:      marbit_many_paths, dpeg_oklobed_lair, grunt_ogre_cave
D:11:     kennysheep_kobold_lugonu_temple, enter_trove_6,
          kennysheep_windowed_goal
D:12:     zombieorc2_lemuel, uniq_psyche, uniq_kirke, uniq_maurice, uniq_harold
D:13:     minmay_expanding_circles, david_vaults_2
D:14:     kennysheep_big_flooded_room, hex_tiny
D:15:     hangedman_depths_entry_try_elsewhere_first, serial_bayou_lagoon_a,
          jmf_multi_god_temple2
Temple:   kb_corrupted_temple
Lair:1:   lemuel_centaur_altar
Lair:2:   grunt_megastairs_3
Lair:3:   elwin_shoals_entry_rocks, spider_nest_entry_web_field,
          beast_lair_carwin_11
Lair:5:   minmay_slime_entry_oklob_open, minmay_stone_trees_medium, tgw_fedhas,
          uniq_urug
Lair:6:   evilmike_catoblepas_cave, grunt_megastairs_1
Spider:1: cheibrodos_spider_silkery, portal_ice_cave_entry_pillars_four
Orc:1:    basic_altar, serial_shops, shop_coins
Orc:2:    st_orc_pillars
Sewer:    sewer_kobolds
IceCv:    ice_cave_statue_garden_chambered

Skill      XL: |  1  2  3  4  5  6  7  8  9 10 11 12 13 14 15 16 |
---------------+-------------------------------------------------+-----
Crossbows      | 3 4 5 6 7 9 10 12 14 | 14.8
Fighting       | 2 3 4 5 6 9 10 11 12 14 15 | 15.0
Dodging        | 3 7 9 10 13 15 | 15.2
Maces & Flails | 1 |  1.0
Staves         | 1 4 6 8 10 | 10.0
Armour         | 3 4 |  4.3
Evocations     | 5 9 11 12 | 12.0
Invocations    | 4 8 |  8.0
Spellcasting   | |  1.1
Hexes          | |  3.0

Action                   |  1- 3 |  4- 6 |  7- 9 | 10-12 | 13-15 | 16-18 || total
-------------------------+-------+-------+-------+-------+-------+-------++-------
Melee: Hand axe          |    13 |    82 |   142 |    47 |       |       ||   284
       Short sword       |       |       |    24 |    14 |       |       ||    38
       Quarterstaff      |       |       |       |   402 |   712 |   139 ||  1253
 Fire: Hand crossbow     |    57 |    73 |   107 |   284 |    70 |       ||   591
       Arbalest          |       |       |       |       |   721 |   249 ||   970
Throw: Tomahawk          |       |     3 |     5 |     2 |     2 |       ||    12
       Throwing net      |       |       |       |       |     1 |       ||     1
 Cast: Corona            |    12 |    41 |    72 |    70 |     4 |       ||   199
Invok: Heroism           |       |       |       |    10 |    20 |     5 ||    35
Evoke: Wand              |       |       |    12 |     6 |     2 |       ||    20
       Rod               |       |       |       |     2 |    31 |     5 ||    38
  Use: Scroll            |     4 |     2 |     6 |    11 |    16 |     7 ||    46
       Potion            |       |       |     2 |       |     4 |     3 ||     9
 Stab: Sleeping          |       |     1 |     3 |     1 |       |       ||     5
       Confused          |       |       |     1 |     4 |       |       ||     5
       Distracted        |       |       |       |       |     4 |       ||     4
  Eat: Chunk             |     9 |     6 |    15 |    38 |    71 |    11 ||   150
Armor: Robe              |     8 |    33 |    48 |       |       |       ||    89
       Ring mail         |       |       |    13 |   115 |    22 |       ||   150
       Scale mail        |       |       |       |       |   190 |    87 ||   277
Dodge: Dodged            |    29 |   102 |   244 |   462 |   973 |   253 ||  2063
Block: Other             |       |       |       |       |       |    12 ||    12
       Reflection        |       |       |       |       |       |     2 ||     2

Table legend:
 A = Turns spent in this place as a percentage of turns spent in the entire game.
 B = Non-inter-level travel turns spent in this place as a percentage of non-inter-level travel turns spent in the entire game.
 C = Inter-level travel turns spent in this place as a percentage of turns spent in this place.
 D = Turns resting spent in this place as a percentage of non-inter-level travel turns spent in this place.
 E = Turns spent auto-exploring this place as a percentage of non-inter-level travel turns spent in this place.
 F = Non-inter-level travel turns spent in this place divided by the number of levels of this place that you've seen.
                   A       B       C       D       E      F
               +-------+-------+-------+-------+-------+----------------------
         Total | 100.0 | 100.0 |   0.6 |   2.2 |   3.6 | 514.4
       Dungeon |  53.1 |  53.2 |   0.4 |   1.9 |   4.1 | 493.1
        Temple |   0.3 |   0.2 |   5.6 |   0.0 |  38.2 |  34.0
          Lair |  27.8 |  27.7 |   1.0 |   3.0 |   3.8 | 640.5
   Spider Nest |   1.4 |   1.4 |   0.0 |   1.5 |   0.0 | 200.0
  Orcish Mines |  15.8 |  15.9 |   0.5 |   1.6 |   1.5 | 1101.0
         Sewer |   0.9 |   0.9 |   0.0 |   0.0 |   0.8 | 131.0
      Ice Cave |   0.6 |   0.6 |   0.0 |   4.8 |   0.0 |  84.0
               +-------+-------+-------+-------+-------+----------------------

Vault maps used:
D:1:      ldierk_walled_garden_2, minmay_circled_x
D:2:      uniq_natasha
D:3:      first_bread
D:4:      lemuel_crystal_altar, kennysheep_little_box, serial_shops,
          nicolae_shop_temple_entry_statues_fountains, gup_sewer_entry_glass,
          uniq_pikel
D:5:      cheibriados_altar_1, uniq_eustachio
D:6:      chequers_temple_overflow_statue_of_worship, fiery_altar_vehumet,
          uniq_edmund, uniq_grinder, uniq_blork_the_orc, uniq_prince_ribbit1
D:7:      minitemple, uniq_duvessa
D:8:      statuecave_lemuel, kennysheep_mini_moat
D:9:      marbit_many_paths, dpeg_oklobed_lair, grunt_ogre_cave
D:11:     kennysheep_kobold_lugonu_temple, enter_trove_6,
          kennysheep_windowed_goal
D:12:     zombieorc2_lemuel, uniq_psyche, uniq_kirke, uniq_maurice, uniq_harold
D:13:     minmay_expanding_circles, david_vaults_2
D:14:     kennysheep_big_flooded_room, hex_tiny
D:15:     hangedman_depths_entry_try_elsewhere_first, serial_bayou_lagoon_a,
          jmf_multi_god_temple2
Temple:   kb_corrupted_temple
Lair:1:   lemuel_centaur_altar
Lair:2:   grunt_megastairs_3
Lair:3:   elwin_shoals_entry_rocks, spider_nest_entry_web_field,
          beast_lair_carwin_11
Lair:5:   minmay_slime_entry_oklob_open, minmay_stone_trees_medium, tgw_fedhas,
          uniq_urug
Lair:6:   evilmike_catoblepas_cave, grunt_megastairs_1
Spider:1: cheibrodos_spider_silkery, portal_ice_cave_entry_pillars_four
Orc:1:    basic_altar, serial_shops, shop_coins
Orc:2:    st_orc_pillars
Sewer:    sewer_kobolds
IceCv:    ice_cave_statue_garden_chambered
